 Dungeon Crawl Stone Soup version 0.29-a0-925-g0a7a3d12f8 (webtiles) character file.

Game seed: 17228984116336683214

721 zeratav the Tainter (level 7, -1/41 HPs)
             Began as an Octopode Venom Mage on July 29, 2022.
             Slain by a water moccasin (8 damage)
             ... on level 5 of the Dungeon.
             The game lasted 00:09:18 (5598 turns).

zeratav the Tainter (Octopode Venom Mage)           Turns: 5598, Time: 00:09:19

Health: -1/41      AC:  1    Str:  7 (8)  XL:     7   Next: 71%
Magic:  2/10       EV: 13    Int: 16 (19) God:
Gold:   275        SH:  0    Dex: 10 (12) Spells: 3/10 levels left

rFire   . . .      SeeInvis +   i - +1 dagger (venom) {short}
rCold   . . .      Faith    .   (no shield)
rNeg    . . .      Spirit   .   (helmet restricted)
rPois   .          Reflect  .   A - amulet of regeneration
rElec   .          Harm     .   y - ring of flight
rCorr   .          Rampage  .   B - ring of see invisible
Will    .....                   (no ring)
Stlth   ++++......              (no ring)
HPRegen 0.93/turn               (no ring)
MPRegen 0.12/turn               (no ring)
                                (no ring)
                                (no ring)

@: lethally poisoned (-1 -> -6), flying, hasted, unable to read, very quick
A: almost no armour, amphibious, 8 rings, camouflage 1, gelatinous body 1,
(nimble swimmer 1), tentacles, inability to read while threatened 1
a: no special abilities


You were on level 5 of the Dungeon.
You visited 2 branches of the dungeon, and saw 6 of its levels.

You collected 275 gold pieces.


Innate Abilities, Weirdness & Mutations

You cannot wear most types of armour.
You are amphibious.
You can wear up to eight rings at the same time.
Your skin changes colour to match your surroundings (Stealth+).
Your rubbery body absorbs attacks. (AC +1, EV +1)
((You are camouflaged when in or above water. (Stealth+)))
You have tentacles for arms and can constrict up to eight enemies at once.
You occasionally lose the ability to read scrolls when taking damage.


   Skills:
 - Level 2.0 Dodging
 - Level 5.0 Stealth
 - Level 2.0 Spellcasting
 - Level 1.0 Transmutations
 + Level 9.9 Poison Magic


You had 3 spell levels left.
You knew the following spells:

 Your Spells              Type           Power      Damage    Failure   Level
a - Sting                 Tmut/Pois      76%        1d6       2%          1
b - Poisonous Vapours     Pois/Air       34%        N/A       4%          2
c - Olgreb's Toxic Radia  Pois           33%        N/A       3%          4

Your spell library contained the following spells:

 Spells                   Type           Power      Damage    Failure   Level
 Mephitic Cloud           Conj/Pois/Air  12%        N/A       16%         3

Inventory:

Hand Weapons
 i - a +1 dagger of venom (weapon) {short}
   (You found it on level 1 of the Dungeon)
Magical Staves
 C - a staff of poison {staff}
   (You found it on level 5 of the Dungeon)
Jewellery
 y - a ring of flight (left tentacle)
   (You found it on level 4 of the Dungeon)
 A - an amulet of regeneration (around mantle)
   (You found it on level 4 of the Dungeon)
 B - a ring of see invisible (right tentacle)
   (You found it on level 4 of the Dungeon)
Wands
 v - a wand of iceblast (6)
   (You found it on level 4 of the Dungeon)
Scrolls
 c - 2 scrolls of enchant armour
 e - 2 scrolls of blinking {!r}
 f - 2 scrolls of teleportation {@r4}
 g - 2 scrolls of enchant weapon
 h - 2 scrolls of immolation {unknown}
 j - 2 scrolls of noise {unknown}
 k - 5 scrolls of fog {unknown}
 n - 3 scrolls of amnesia {unknown}
 o - 3 scrolls of magic mapping {unknown}
 s - 2 scrolls of vulnerability {!r!r}
 x - 2 scrolls of torment {unknown}
Potions
 a - 2 potions of magic
 b - a potion of ambrosia
 d - a potion of heal wounds {@q2}
 t - a potion of cancellation
 u - a potion of degeneration {!q}
 z - a potion of brilliance {unknown}

Dungeon Overview and Level Annotations

Branches:
Dungeon (5/15) Zot: 24414  Temple (1/1) D:4 Zot: 5982

Altars:
Cheibriados
Kikubaaqudgha
Nemelex Xobeh
Qazlal
Sif Muna
Trog
Uskayaw
Wu Jian
Yredelemnul

Annotations:
D:4 exclusion: door, Grinder
D:5 exclusions: 2 doors and water moccasin

=###### #.... #.
........####.†.. #.
.....#........). #.
.....#.#####..#.
#.#....... #..#.
#.......#######..#.
#................#.
#..S....########l#.
#.@## #.## #..#
#S## #..# #...
#..#############.#.
#..##.........##.#.
#.....#######.##.#.
##..........#.##.#.
###..#####.#.##.#.
#..# #......5.


You could see a water moccasin (poisoned).


Message History

The water moccasin partially resists.
The water moccasin bites you!
You are poisoned.
The water moccasin poisons you! The water moccasin closely misses you.
HP[-10] MP[-1]
You take 10 damage, and now have 31/41 hp.
MASSIVE DAMAGE!! (PAUSE)
You lost 1 mp, and now have 7/10 mp.
Casting: Sting (safe; 2% risk of failure)
Confirm with . or Enter, or press ? or * to list all spells.
Aiming: Sting (safe; 2% risk of failure)
Press: ? - help, Shift-Dir - straight line, f/p - water moccasin
Aim: a water moccasin (lightly wounded, 63% to hit)
You feel a surge of power!
The sting misses the water moccasin.
You feel sick. The water moccasin barely misses you.
HP[-1] MP[-1]
You take 1 damage, and now have 30/41 hp.
You lost 1 mp, and now have 6/10 mp.
Casting: Sting (safe; 2% risk of failure)
Confirm with . or Enter, or press ? or * to list all spells.
Aiming: Sting (safe; 2% risk of failure)
Press: ? - help, Shift-Dir - straight line, f/p - water moccasin
Aim: a water moccasin (lightly wounded, 63% to hit)
You feel a surge of power!
The sting hits the water moccasin.
The water moccasin partially resists.
You feel sick. The water moccasin barely misses you.
HP[-1] MP[-1]
You take 1 damage, and now have 29/41 hp.
You lost 1 mp, and now have 5/10 mp.
Casting: Sting (safe; 2% risk of failure)
Confirm with . or Enter, or press ? or * to list all spells.
Aiming: Sting (safe; 2% risk of failure)
Press: ? - help, Shift-Dir - straight line, f/p - water moccasin
Aim: a water moccasin (lightly wounded, 63% to hit)
You feel a surge of power!
The sting hits the water moccasin.
The water moccasin partially resists.
You feel sick. The water moccasin misses you. The water moccasin bites you.
HP[-5] MP[-1]
You take 5 damage, and now have 24/41 hp.
You lost 1 mp, and now have 4/10 mp.
Casting: Sting (safe; 2% risk of failure)
Confirm with . or Enter, or press ? or * to list all spells.
Aiming: Sting (safe; 2% risk of failure)
Press: ? - help, Shift-Dir - straight line, f/p - water moccasin
Aim: a water moccasin (moderately wounded, 63% to hit)
You feel a surge of power!
The sting hits the water moccasin.
The water moccasin partially resists.
You feel sick. The water moccasin bites you.
* * * LOW HITPOINT WARNING * * *
HP[-4] MP[-1]
You take 4 damage, and now have 20/41 hp.
You lost 1 mp, and now have 3/10 mp.
Casting: Sting (safe; 2% risk of failure)
Confirm with . or Enter, or press ? or * to list all spells.
Aiming: Sting (safe; 2% risk of failure)
Press: ? - help, Shift-Dir - straight line, f/p - water moccasin
Aim: a water moccasin (moderately wounded, 63% to hit)
You feel a surge of power!
The sting hits the water moccasin.
The water moccasin partially resists.
You feel sick. The water moccasin misses you. The water moccasin bites you!
You feel threatened and lose the ability to read scrolls!
* * * LOW HITPOINT WARNING * * *
HP[-8]
You take 8 damage, and now have 12/41 hp.
Casting: Sting (safe; 2% risk of failure)
Confirm with . or Enter, or press ? or * to list all spells.
Aiming: Sting (safe; 2% risk of failure)
Press: ? - help, Shift-Dir - straight line, f/p - water moccasin
Aim: a water moccasin (heavily wounded, 63% to hit)
You feel a surge of power!
The sting hits the water moccasin.
The water moccasin partially resists.
The water moccasin is poisoned.
You feel sick. The water moccasin bites you.
* * * LOW HITPOINT WARNING * * *
HP[-5] MP[-1]
You take 5 damage, and now have 7/41 hp.
You lost 1 mp, and now have 2/10 mp.
You feel yourself speed up.
You feel sick. The water moccasin misses you.
HP[-1]
You take 1 damage, and now have 6/41 hp.
You feel much better.
You feel sick.
You are no longer poisoned.
The water moccasin bites you!
* * * LOW HITPOINT WARNING * * *
HP[+10]
You regained 10 hp, and now have 16/41 hp.
Your +1 dagger of venom {short} begins to drip with poison!
i - a +1 dagger of venom (weapon)
{short} You can read scrolls again.
The water moccasin bites you!
* * * LOW HITPOINT WARNING * * *
You are poisoned.
The water moccasin poisons you!
HP[-7]
You take 7 damage, and now have 9/41 hp.
You hit the water moccasin. Your grab misses the water moccasin.
Your squeeze misses the water moccasin.
* * * LOW HITPOINT WARNING * * *
You feel very sick. The water moccasin bites you!
You feel threatened and lose the ability to read scrolls!
You die...

Skill      XL: |  1  2  3  4  5  6  7 |
---------------+----------------------+-----
Stealth        | 3 4 5 |  5.0
Poison Magic   | 4 5 6 8 9 |  9.9
Dodging        | |  2.0
Spellcasting   | |  2.0
Transmutations | |  1.0

Action                   |  1- 3 |  4- 6 |  7- 9 || total
-------------------------+-------+-------+-------++-------
Melee: Dagger            |   116 |    47 |     9 ||   172
       Tentacles         |    33 |    16 |     5 ||    54
       Constrict         |     7 |    16 |     2 ||    25
       Punch             |     1 |     1 |       ||     2
       Staff             |       |    25 |     7 ||    32
 Cast: Sting             |    19 |    12 |    10 ||    41
       Poisonous Vapours |       |    26 |     8 ||    34
       Olgreb's Toxic Ra |       |     1 |       ||     1
Evoke: Wand              |       |     1 |       ||     1
  Use: Scroll            |       |     5 |       ||     5
       Potion            |       |       |    10 ||    10
 Stab: Sleeping          |    14 |     9 |       ||    23
Armor: Skin              |     2 |       |       ||     2
Dodge: Dodged            |    14 |    58 |    17 ||    89

Levels and vault maps discovered:
D:1:      amcnicky_arrival_underground_garden, layout_loops_ring, serial_forest,
          infiniplex_forest_end_1, infiniplex_forest_lined_3,
          infiniplex_forest_corner_1, infiniplex_forest_lined_2,
          infiniplex_forest_lined_ring, infiniplex_forest_clump_medium,
          infiniplex_forest_end_1
D:2:      layout_loops_ring, basic_altar,
          hellmonk_ecumenical_altar_leap_of_faith, minmay_stone_trees_medium
D:3:      layout_basic, serial_rivers, chequers_serial_rivers_large_a,
          chequers_serial_rivers_large_b, chequers_serial_rivers_small_b,
          chequers_serial_rivers_micro_c, chequers_serial_rivers_small_3,
          chequers_serial_rivers_micro_e
D:4:      minmay_opposing_rooms, layout_loops_ring,
          minmay_temple_entry_stoned_glass, uniq_grinder
D:5:      layout_loops_ring, grunt_qazlal_clouds, minmay_joined_circles
Temple:   hellmonk_temple_two_chambers

Notes
Turn   | Place    | Note
-------+----------+-------------------------------------------
     0 | D:1      | zeratav the Octopode Venom Mage began the quest for the
                  | Orb.
     0 | D:1      | Reached XP level 1. HP: 11/11 MP: 3/3
     0 | D:1      | magus.rc [v1.9.6]
   254 | D:1      | Reached skill level 3 in Stealth
   373 | D:1      | Reached XP level 2. HP: 17/17 MP: 0/5
   497 | D:1      | Reached skill level 4 in Poison Magic
  1180 | D:2      | Reached XP level 3. HP: 21/21 MP: 3/6
  1183 | D:2      | Learned a level 2 spell: Poisonous Vapours
  1222 | D:2      | Identified the +2 battleaxe of Defence {flame, rF+}
  1280 | D:2      | Found a faded altar of an unknown god.
  1355 | D:2      | Reached skill level 4 in Stealth
  1439 | D:2      | Found a sparkling altar of Nemelex Xobeh.
  2281 | D:3      | Identified the +3 leather armour "Caf Fack" {*Slow rElec
                  | Slay+4}
  3063 | D:4      | Reached XP level 4. HP: 27/27 MP: 7/7
  3106 | D:4      | Noticed a phantom
  3478 | D:4      | Reached skill level 5 in Poison Magic
  3530 | D:4      | Noticed Grinder
  3609 | D:4      | Reached skill level 5 in Stealth
  3876 | D:4      | Reached XP level 5. HP: 31/31 MP: 8/8
  3919 | D:4      | Found a staircase to the Ecumenical Temple.
  3929 | Temple   | Entered the Ecumenical Temple
  4035 | D:4      | Reached skill level 6 in Poison Magic
  4189 | D:5      | Entered Level 5 of the Dungeon
  4426 | D:4      | Learned a level 4 spell: Olgreb's Toxic Radiance
  4561 | D:5      | Found a stormy altar of Qazlal.
  4604 | D:5      | Noticed an ice beast
  4607 | D:5      | Noticed a water moccasin
  4617 | D:5      | Reached XP level 6. HP: 34/36 MP: 3/9
  4757 | D:5      | Reached skill level 7 in Poison Magic
  4857 | D:5      | Noticed a black bear
  4871 | D:5      | Killed a black bear
  4872 | D:5      | Reached skill level 8 in Poison Magic
  5090 | D:5      | HP: 4/36 [acid (9)]
  5237 | D:5      | Noticed a water moccasin
  5248 | D:5      | Reached XP level 7. HP: 29/41 MP: 5/10
  5303 | D:5      | Reached skill level 9 in Poison Magic
  5376 | D:5      | Gained mutation: You occasionally lose the ability to read
                  | scrolls when taking damage. [potion of mutation]
  5594 | D:5      | HP: 7/41 [water moccasin (5)]
  5598 | D:5      | Slain by a water moccasin

Vanquished Creatures
  An ice beast (D:5)
  A black bear (D:5)
  A bullfrog (D:5)
  A scorpion (D:5)
  A jelly (D:5)
  2 orc priests (D:5)
  2 hounds (D:5)
  4 iguanas
  9 adders
  2 ufetubi (D:4)
  2 worms
  2 dart slugs (D:4)
  6 orcs
  2 ball pythons
  4 bats
  6 endoplasms
  6 giant cockroaches
  5 goblins
  5 hobgoblins
  2 jackals (D:5)
  A quokka (D:1)
  5 frilled lizards
  3 kobolds
  4 rats
  2 bushes (D:1)
79 creatures vanquished.

Vanquished Creatures (others)
  3 plants (D:1)
3 creatures vanquished.

Grand Total: 82 creatures vanquished

Table legend:
 A = Non-vault XP
 B = Vault XP
 C = Vault XP percentage of total XP
 D = Non-vault monster count
 E = Vault monster count
 F = Vault count percentage of total count
                 A         B        C        D         E       F
            +---------+---------+-------+---------+---------+-------
      Total |     565 |     466 |  45.2 |      64 |      13 |  16.9
            +---------+---------+-------+---------+---------+-------
        D:1 |      21 |       0 |   0.0 |      13 |       0 |   0.0
        D:2 |      26 |       0 |   0.0 |      11 |       0 |   0.0
        D:3 |      32 |       0 |   0.0 |      10 |       0 |   0.0
        D:4 |     138 |       5 |   3.5 |      19 |       3 |  13.6
        D:5 |     348 |     461 |  57.0 |      11 |      10 |  47.6
            +---------+---------+-------+---------+---------+-------

Illustrated notes

Table legend:
 A = Kills in this place as a percentage of kills in entire the game.
 B = Kills by you in this place as a percentage of kills by you in the entire game.
 C = Kills by friends in this place as a percentage of kills by friends in the entire game.
 D = Other kills in this place as a percentage of other kills in the entire game.
 E = Experience gained in this place as a percentage of experience gained in the entire game.
 F = Experience gained in this place divided by the number of levels of this place that you have seen.
                   A       B       C       D       E      F
               +-------+-------+-------+-------+-------+----------------------
         Total | 100.0 | 100.0 |   N/A |   N/A | 100.0 | 171.8
       Dungeon | 100.0 | 100.0 |   N/A |   N/A | 100.0 | 206.2
               +-------+-------+-------+-------+-------+----------------------

Table legend: (Time is in decaauts)
 A = Elapsed time spent in this place.
 B = Non-inter-level travel time spent in this place.
 C = Inter-level travel time spent in this place.
 D = Time resting spent in this place.
 E = Time spent auto-exploring this place.
 F = Levels seen in this place.
 G = Mean time per level.
                   A        B        C        D        E       F      G
               +--------+--------+--------+--------+--------+-----+--------+
         Total |   5602 |   5367 |    235 |    912 |   3629 |   6 |  933.7 |
       Dungeon |   5584 |   5355 |    229 |    912 |   3618 |   5 | 1116.8 |
        Temple |     17 |     12 |      5 |      0 |     11 |   1 |   17.0 |
               +--------+--------+--------+--------+--------+-----+--------+

Top non-repeatable levels by time:
     D:4: 1384 daAuts
     D:1: 1170 daAuts
     D:3: 1168 daAuts
     D:5: 1147 daAuts
     D:2: 713 daAuts
  Temple: 17 daAuts
